 Dungeon Crawl Stone Soup version 0.24.0-29-g8ce449bc06 (webtiles) character file.

Game seed: 6476968401880633806, levelgen mode: deterministic

45 Flugslaktarn the Covered (level 3, -4/34 HPs)
             Began as a Deep Dwarf Fighter on Nov 13, 2019.
             Killed by divine providence
             ... invoked by an orc priest
              (10 damage)
             ... on level 3 of the Dungeon.
             The game lasted 00:00:18 (193 turns).

Flugslaktarn the Covered (Deep Dwarf Fighter)        Turns: 193, Time: 00:00:18

Health: -4/34      AC:  7    Str: 20    XL:     3   Next: 42%
Magic:  2/2        EV:  7    Int:  8    God:
Gold:   38         SH:  9    Dex: 12    Spells: 2/2 levels left

rFire    . . .     SeeInvis .   a - +0 war axe
rCold    . . .     Gourm    .   c - +0 shield
rNeg     . . .     Faith    .   b - +0 scale mail
rPois    .         Spirit   .   (no helmet)
rElec    .         Reflect  .   (no cloak)
rCorr    .         Harm     .   (no gloves)
MR       .....                  (no boots)
Stlth    ..........             (no amulet)
HPRegen  0.00/turn              (no ring)
MPRegen  0.08/turn              (no ring)

@: lethally poisoned (-4 -> -4), non-regenerating
A: damage resistance, heal wounds, sense surroundings 1, no regeneration
a: Heal Wounds


You were on level 3 of the Dungeon.
You were not hungry.

You visited 1 branch of the dungeon, and saw 3 of its levels.

You collected 38 gold pieces.

Inventory:

Hand Weapons
 a - a +0 war axe (weapon)
Armour
 b - a +0 scale mail (worn)
 c - a +0 shield (worn)
Potions
 d - a potion of might
Comestibles
 e - a ration
 f - 6 chunks of flesh


   Skills:
 + Level 3.0 Fighting
 * Level 3.1 Axes
 + Level 3.7 Armour
 + Level 3.6 Shields


You had 2 spell levels left.
You didn't know any spells.
Your spell library was empty.

Dungeon Overview and Level Annotations

Branches:
Dungeon (3/15)

Altars:


Innate Abilities, Weirdness & Mutations

You are resistant to damage.
You can heal yourself by infusing magical energy.
You passively map a small area around you.
You do not regenerate.


Message History

You are too injured to fight recklessly!
You are too injured to fight recklessly!
You are too injured to fight recklessly!
You are too injured to fight recklessly!
You are too injured to fight recklessly!
You barely miss the orc priest.
The orc priest is heavily wounded.
You hit the orc wizard. You closely miss something.
You block the orc priest's attack. Something hits you but does no damage.
The orc wizard hits you with a +0 dagger.
* * * LOW HITPOINT WARNING * * *
The orc priest hits you with a +0 hand axe.
* * * LOW HITPOINT WARNING * * *
You hit the orc priest but do no damage.
The orc priest is heavily wounded.
You closely miss the orc wizard. You barely miss something.
Something hits you but does no damage. You block the orc wizard's attack.
The orc priest invokes the aid of Beogh against you.
Beogh smites you!
You die...

* , , * , ## .. ,,
.###.* , , , .... , #,#
... ,. , , #.#
##..###..* , ,
#.###..?..... , , , , *
###.##.o...###. ,
.#.####......@o......
.....>........)..###.*
..######.<..#..##...#
.............<##*......
, ...##.##.....## #....
#. #.......# .... * #
#.###...# ###.... , ,
#รท# ###.##....... ,*
*#.# #....# ,


You could see an orc priest and an orc wizard.

Vanquished Creatures
  2 adders
  2 dart slugs (D:1)
  2 leopard geckos
  3 orcs (D:3)
  A ball python (D:3)
  2 bats (D:2)
  A hobgoblin (D:2)
  A quokka (D:3)
  3 kobolds
  A rat (D:2)
18 creatures vanquished.

Notes
Turn   | Place    | Note
-------+----------+-------------------------------------------
     0 | D:1      | Flugslaktarn the Deep Dwarf Fighter began the quest for the
                  | Orb.
     0 | D:1      | Reached XP level 1. HP: 20/20 MP: 1/1
    69 | D:2      | Reached XP level 2. HP: 24/27 MP: 2/2
   160 | D:3      | Reached XP level 3. HP: 33/33 MP: 2/2
   193 | D:3      | Killed from afar by an orc priest

Levels and vault maps discovered:
D:1:      mrwooster_arrival_statue, layout_loops_cross, roderic_roman_lattice,
          tso_altar
D:2:      layout_basic, chequers_ecumenical_altar_twisty, uniq_natasha
D:3:      layout_rooms, first_ration, serial_glass, glass_columns_a,
          glass_columns_b, glass_columns_c, glass_columns_b, glass_columns_c,
          glass_columns_a, glass_columns_c, glass_columns_c, glass_columns_c,
          glass_columns_c, glass_columns_a, glass_columns_c, glass_columns_a,
          glass_columns_a, elyvilon_altar_1, uniq_ijyb

Skill      XL: |  1  2  3 |
---------------+----------+-----
Axes           | 3 |  3.1
Fighting       | 3 |  3.0
Armour         | |  3.7
Shields        | |  3.6

Action                   || total
-------------------------++-------
Melee: War axe           ||    61
 Abil: Heal Wounds       ||     2
Armor: Scale mail        ||    45
Dodge: Dodged            ||    30
Block: Shield            ||    48
